 Dungeon Crawl Stone Soup version 0.26-a0-651-gb41185065b (webtiles) character file.

Game seed: 15277238944111427690

49 Irenicus the Scratcher (level 3, 0/17 HPs)
             Began as a Felid Chaos Knight on Oct 30, 2020.
             Was a Plaything of Xom.
             Slain by a soldier ant (1 damage)
             ... while petrified by you
             ... on level 2 of the Dungeon.
             The game lasted 00:04:19 (1261 turns).

Irenicus the Scratcher (Felid Chaos Knight)         Turns: 1261, Time: 00:04:19

Health: 0/17       AC:  1    Str:  8    XL:     3   Next: 51%
Magic:  4/4        EV:  4    Int: 13    God:    Xom [....*.]
Gold:   126        SH:  0    Dex: 18    Spells: 2/2 levels left
                                        Lives:  0   Deaths: 0

rFire    . . .     SeeInvis +     - Unarmed
rCold    + . .     Faith    .   (shield unavailable)
rNeg     + + +     Spirit   .   (armour unavailable)
rPois    ∞         Reflect  .   (helmet unavailable)
rElec    .         Harm     .   (cloak unavailable)
rCorr    .         Rampage  .   (gloves unavailable)
MR       +....                  (boots unavailable)
Stlth    ++........             (no amulet)
HPRegen  0.05/turn              (no ring)
MPRegen  0.09/turn              (no ring)

@: petrified, cleaving, quick
A: very small, no armour, no weapons or thrown items, stealth, claws 1, fangs 3,
see invisible, agile 1, cold resistance 1, speed 1, magic resistance 1, poison
resistance, shaggy fur 1, sharp paws
a: Renounce Religion


You were on level 2 of the Dungeon.
You worshipped Xom.
You were a beloved toy of Xom.
You visited 1 branch of the dungeon, and saw 2 of its levels.

You collected 126 gold pieces.

Inventory:

Scrolls
 a - a scroll of fear {unknown}
 b - 2 scrolls of remove curse {unknown}
 c - 3 scrolls of identify {unknown}
 d - a scroll of enchant armour {unknown}
 e - 2 scrolls of amnesia {unknown}


   Skills:
 - Level 3.0 Fighting
 - Level 3.2 Dodging
 + Level 4.6 Unarmed Combat


You had 2 spell levels left.
You didn't know any spells.
Your spell library contained the following spells:

 Spells                   Type           Power        Failure   Level
 Confusing Touch          Hex            #.......     67%         3
 Gell's Gravitas          Tloc           #.........   67%         3
 Petrify                  Tmut/Erth      #.......     97%         4
 Metabolic Englaciation   Hex/Ice        #.........   100%        5
 Yara's Violent Unravell  Hex/Tmut       #.........   100%        5


Dungeon Overview and Level Annotations

Branches:
Dungeon (2/15)

Altars:
Elyvilon


Innate Abilities, Weirdness & Mutations

You cannot wear armour.
You are incapable of wielding weapons or throwing items.
Your paws allow you to move quietly. (Stealth)
You have sharp claws.
You have razor-sharp teeth.
You have supernaturally acute eyesight. (SInv)
You cover ground quickly.
You are covered in fur. (AC +1)
Your sharp claws are effective at attacking unaware monsters.
You are agile. (Dex +2)
Your flesh is cold resistant. (rC+)
You are resistant to hostile enchantments. (MR+)
Your system is resistant to poisons. (rPois)


Message History

There is a stone staircase leading down here.
You start resting.
HP restored.
Health restored: 17
There is a stone staircase leading down here.
You climb downwards.
There is a stone staircase leading up here. "Let me alter your pitiful body."
Your body is suffused with distortional energy.
You feel resistant to poisons.
You feel resistant to cold.
You feel agile.
You feel resistant to hostile enchantments. "Go forth and redecorate, my child!"
Things that are here:
a +0 club; a hobgoblin skeleton
There is a stone staircase leading down here.
A bat comes into view.
The bat completely misses you. The bat misses you.
You see here a scroll labeled DABEST TUDOY.
You miss the bat. The bat closely misses you.
b - 2 scrolls labeled DABEST TUDOY (gained 1)
The bat misses you. The bat completely misses you.
You barely miss the bat. The bat barely misses you.
The bat completely misses you. x2
You completely miss the bat. You bite the bat, but do no damage.
The bat barely misses you. The bat misses you. x2
The bat closely misses you. x2
You scratch the bat. Your bite misses the bat.
The bat is severely wounded.
The bat barely misses you. The bat hits you.
You take 1 damage, and have 16/17 hp.
You closely miss the bat.
The bat is severely wounded.
The bat hits you. The bat closely misses you.
You take 1 damage, and have 15/17 hp.
You barely miss the bat. Your bite misses the bat.
The bat is severely wounded.
The bat misses you.
You scratch the bat but do no damage.
The bat is severely wounded.
The bat barely misses you.
You scratch the bat.
You kill the bat!
You see here a bat corpse.
Partly explored, can't reach some places.
You see here a bat corpse.
A worm comes into view.
The worm moves out of view.
A worm is nearby!
You claw the worm!
The worm is heavily wounded.
The worm bites you.
You take 4 damage, and have 12/17 hp.
MASSIVE DAMAGE!!
You scratch the worm. You claw the worm, but do no damage.
The worm is heavily wounded.
You scratch the worm.
The worm is severely wounded.
The worm closely misses you.
Really walk into that cloud of seething chaos?
You are engulfed in seething chaos.
The worm is engulfed in seething chaos.
Xom is getting BORED.
You swing at nothing.
You swing at nothing.
You swing at nothing.
The worm is engulfed in seething chaos.
The worm suddenly seems more agile.
You swing at nothing.
Really walk into that cloud of seething chaos?
Okay, then.
Really walk into that cloud of seething chaos? [Y]es or [N]o only, please.
Really walk into that cloud of seething chaos? [Y]es or [N]o only, please.
Really walk into that cloud of seething chaos?
You are engulfed in seething chaos.
You are slowing down.
Your trail of clouds dissipates.
Your limbs are stiffening. "Hum-dee-hum-dee-hum..."
The worm evaporates and reforms as a soldier ant!
You have turned to stone.
The soldier ant is engulfed in seething chaos.
The soldier ant flickers and vanishes for a moment.
The soldier ant stings you. The soldier ant barely misses you.
The soldier ant stings you!
* * * LOW HITPOINT WARNING * * *
Xom smiles on you.
Your paws look sharp.
The soldier ant barely misses you. The soldier ant stings you.
* * * LOW HITPOINT WARNING * * *
Xom is interested.
The soldier ant barely misses you. The soldier ant stings you.
* * * LOW HITPOINT WARNING * * *
The soldier ant stings you.
You die...
Xom guffaws!

............###....#
.#.#.....#...##..###
##...._......##...#
##.#.....#...##.#.#
##..........###.#.##
...#.⌠.⌠.#.####.#..#####
##.........###..##.....#
##.#.....#.#.(...#.....#
...........#.###@#.....#
#####.........[.a......#
#......#...###.#.....#
##.####....## #.#.....#
#..#####..## #.#######
#.........# #.##
##..####.#.# #..#
....#....#.# ##.#
..###.####.# #.#


You could see a soldier ant (invisible).

Vanquished Creatures
  An adder (D:2)
  2 dart slugs
  A leopard gecko (D:2)
  5 bats
  2 giant cockroaches (D:1)
  5 goblins
  4 hobgoblins
  2 frilled lizards (D:2)
  3 kobolds
  8 rats
33 creatures vanquished.

Notes
Turn   | Place    | Note
-------+----------+-------------------------------------------
     0 | D:1      | Irenicus the Felid Chaos Knight began the quest for the
                  | Orb.
     0 | D:1      | Reached XP level 1. HP: 10/10 MP: 2/2
   274 | D:1      | Reached XP level 2. HP: 14/14 MP: 3/3
   475 | D:1      | XOM: silly message
   493 | D:1      | XOM: scenery: summon butterflies
   567 | D:2      | Reached skill level 4 in Unarmed Combat
   589 | D:2      | XOM: polymorph kobold -> goblin
   653 | D:2      | Reached XP level 3. HP: 15/17 MP: 4/4
   707 | D:2      | Found a white marble altar of Elyvilon.
  1158 | D:2      | XOM: give mutations
  1158 | D:2      | Gained mutation: Your system is resistant to poisons.
                  | (rPois) [Xom's grace]
  1158 | D:2      | Gained mutation: Your flesh is cold resistant. (rC+) [Xom's
                  | grace]
  1158 | D:2      | Gained mutation: You are agile. (Dex +2) [Xom's grace]
  1158 | D:2      | Gained mutation: You are resistant to hostile enchantments.
                  | (MR+) [Xom's grace]
  1164 | D:2      | XOM: cloud trail
  1252 | D:2      | Noticed a soldier ant
  1252 | D:2      | a worm changed into a soldier ant
  1252 | D:2      | XOM: polymorph worm -> soldier ant
  1257 | D:2      | XOM: cleaving
  1258 | D:2      | HP: 2/17 [soldier ant (3)]
  1261 | D:2      | Slain by a soldier ant

Illustrated notes

Levels and vault maps discovered:
D:1:      onia_arrival_mini_spirals, layout_basic, minmay_tromino_v4_c
D:2:      layout_rooms, elyvilon_altar_5, kennysheep_jessica_study

Skill      XL: |  1  2 |
---------------+-------+-----
Unarmed Combat | 4 |  4.6
Fighting       | |  3.0
Dodging        | |  3.2

Action                   || total
-------------------------++-------
Melee: Unarmed           ||   101
       Bite              ||     8
       Punch             ||     1
 Stab: Sleeping          ||     5
Armor: Skin              ||     8
Dodge: Dodged            ||    83

Table legend: (Time is in decaauts)
 A = Elapsed time spent in this place.
 B = Non-inter-level travel time spent in this place.
 C = Inter-level travel time spent in this place.
 D = Time resting spent in this place.
 E = Time spent auto-exploring this place.
 F = Levels seen in this place.
 G = Mean time per level.
                   A        B        C        D        E       F      G
               +--------+--------+--------+--------+--------+-----+--------+
         Total |   1076 |   1038 |     38 |    215 |    486 |   2 |  538.0 |
       Dungeon |   1076 |   1038 |     38 |    215 |    486 |   2 |  538.0 |
               +--------+--------+--------+--------+--------+-----+--------+

Top non-repeatable levels by time:
     D:1: 670 daAuts
     D:2: 406 daAuts

Table legend:
 A = Kills in this place as a percentage of kills in entire the game.
 B = Kills by you in this place as a percentage of kills by you in the entire game.
 C = Kills by friends in this place as a percentage of kills by friends in the entire game.
 D = Other kills in this place as a percentage of other kills in the entire game.
 E = Experience gained in this place as a percentage of experience gained in the entire game.
 F = Experience gained in this place divided by the number of levels of this place that you have seen.
                   A       B       C       D       E      F
               +-------+-------+-------+-------+-------+----------------------
         Total | 100.0 | 100.0 |   N/A |   N/A | 100.0 |  35.0
       Dungeon | 100.0 | 100.0 |   N/A |   N/A | 100.0 |  35.0
               +-------+-------+-------+-------+-------+----------------------
